 Dungeon Crawl Stone Soup version 0.26.1-11-gd32895ea62 (webtiles) character file.

Game seed: 769811905911841898

1190 jlumianski the Caller (level 8, -6/36 HPs)
             Began as a Felid Summoner on June 1, 2021.
             Was a Believer of Makhleb.
             Mangled by a killer bee (10 damage)
             ... on level 8 of the Dungeon.
             The game lasted 01:46:13 (16000 turns).

jlumianski the Caller (Felid Summoner)             Turns: 16000, Time: 01:46:13

Health: -6/36      AC:  2    Str:  4    XL:     8   Next: 19%
Magic:  4/17       EV: 21    Int: 18    God:    Makhleb [**....]
Gold:   707        SH:  0    Dex: 17    Spells: 9/18 levels left
                                        Lives:  0   Deaths: 2

rFire    . . .     SeeInvis +     - Unarmed
rCold    . . .     Faith    .   (shield unavailable)
rNeg     . . .     Spirit   .   (armour unavailable)
rPois    +         Reflect  .   (helmet unavailable)
rElec    .         Harm     .   (cloak unavailable)
rCorr    .         Rampage  .   (gloves unavailable)
Will     +....                  (boots unavailable)
Stlth    ++++......             (no amulet)
HPRegen  0.12/turn              e - ring of poison resistance
MPRegen  0.15/turn              n - ring of stealth

@: quick
A: very small, no armour, no weapons or thrown items, stealth, claws 1, fangs 3,
see invisible, speed 1, shaggy fur 2, sharp paws
a: Renounce Religion, Minor Destruction


You were on level 8 of the Dungeon.
You worshipped Makhleb.
Makhleb was pleased with you.
You visited 2 branches of the dungeon, and saw 10 of its levels.
You also visited: Sewer and Ossuary.

You collected 707 gold pieces.

Inventory:

Jewellery
 e - a ring of poison resistance (left paw)
 n - a ring of stealth (right paw)
Wands
 g - a wand of flame (10)
 l - a wand of digging (4)
 p - a wand of iceblast (16)
Scrolls
 a - 7 scrolls of identify
 d - 3 scrolls of enchant weapon
 h - 4 scrolls of immolation
 i - 2 scrolls of fear
 j - 6 scrolls of remove curse
 k - 6 scrolls of teleportation
 u - a scroll of amnesia
Potions
 b - 2 potions of flight
 c - a potion of haste
 f - a potion of attraction
 m - 2 potions of brilliance
 o - a potion of degeneration {unknown}
 q - 4 potions of might
 r - 11 potions of curing
 s - a potion of resistance
 t - a potion of magic {unknown}
 w - a potion of cancellation
 z - a potion of lignification


   Skills:
 * Level 4.1 Fighting
 * Level 5.8 Dodging
 + Level 4.4 Stealth
 * Level 3.6 Unarmed Combat
 + Level 5.7 Spellcasting
 + Level 0.7 Hexes
 + Level 7.7 Summonings
 * Level 1.2 Invocations
 * Level 3.4 Evocations


You had 9 spell levels left.
You knew the following spells:

 Your Spells              Type           Power        Failure   Level
a - Summon Small Mammal   Summ           100%         1%          1
b - Call Imp              Summ           33%          1%          2
c - Call Canine Familiar  Summ           33%          1%          3
d - Summon Guardian Gole  Hex/Summ       20%          6%          3

Your spell library contained the following spells:

 Spells                   Type           Power        Failure   Level
 Magic Dart               Conj           20%          12%         1
 Slow                     Hex            7%           14%         2
 Blink                    Tloc           N/A          19%         2
 Searing Ray              Conj           10%          19%         2
 Summon Ice Beast         Ice/Summ       19%          26%         4
 Summon Lightning Spire   Summ/Air       19%          26%         4
 Dazzling Flash           Conj/Hex       12%          32%         3
 Conjure Flame            Conj/Fire      5%           36%         3
 Mephitic Cloud           Conj/Pois/Air  5%           36%         3
 Fulminant Prism          Conj/Hex       3%           71%         4
 Iskenderun's Mystic Bla  Conj/Tloc      5%           77%         4


Dungeon Overview and Level Annotations

Branches:
Dungeon (9/15)             Temple (1/1) D:6            Lair (0/6) D:9
  Sewer (visited)         Ossuary (visited)
    Orc: D:9-12

Altars:
Ashenzari
Cheibriados
Elyvilon
Fedhas
Gozag
Hepliaklqana
Makhleb
Nemelex Xobeh
Okawaru
Qazlal
Ru
Trog
Uskayaw
Vehumet
Wu Jian
Xom
Yredelemnul
Zin
The Shining One

Annotations:
D:9 Erolcha


Innate Abilities, Weirdness & Mutations

You cannot wear armour.
You are incapable of wielding weapons or throwing items.
Your paws allow you to move quietly. (Stealth)
You have sharp claws.
You have razor-sharp teeth.
You have supernaturally acute eyesight. (SInv)
You cover ground quickly.
You are covered in thick fur. (AC +2)
Your sharp claws are effective at attacking unaware monsters.


Message History

The killer bee barely misses your white imp.
Your white imp hits the killer bee.
Your white imp freezes the killer bee.
The killer bee stings you.
* * * LOW HITPOINT WARNING * * *
Your crimson imp blinks!
Casting: Call Imp (safe; 1% risk of failure)
Confirm with . or Enter, or press ? or * to list all spells.
The killer bee stings you.
* * * LOW HITPOINT WARNING * * *
The killer bee stings your hound. The killer bee stings your white imp.
Your white imp dies!
The killer bee stings you.
* * * LOW HITPOINT WARNING * * *
Your hound closely misses the killer bee.
The killer bee barely misses you.
Your white imp completely misses the killer bee.
The killer bee stings your guardian golem.
The killer bee closely misses your hound.
The killer bee stings you!
You die...

#............#######.........
#......#.....##...##.........
########.....##...'.5........
#.....##...#..........
#.(....)...#######....
#....[##...##...##....
##..r5##...##.........
##...5y....#..........
#<...@y.h..#..........
#......8yy.#..........
#..........'..........
######################


You could see 4 killer bees, a friendly guardian golem (summoned), a friendly
hound (summoned, sheltered, very poisoned), a friendly crimson imp (summoned,
sheltered), a friendly white imp (summoned, sheltered) and a friendly quokka
(summoned, sheltered).

Vanquished Creatures
  A gargoyle (D:8)
  A killer bee (D:9)
  A hound (D:8)
  A jelly (D:8)
  A bullfrog skeleton (D:4)
  2 orc wizards
  A big kobold zombie (Ossuary)
  An adder skeleton (D:7)
  2 leopard geckos
  An orc (D:8)
  A giant cockroach (D:4)
  2 goblins
  3 hobgoblins
  A jackal (D:8)
  2 kobolds
  3 bats
  3 frilled lizards
  2 rats
29 creatures vanquished.

Vanquished Creatures (collateral kills)
  A troll (D:8)
  Edmund (D:6)
  A water moccasin (D:7)
  Duvessa (D:6)
  A black bear (D:7)
  A phantom (D:4)
  2 wolves (D:9)
  3 ogres
  A centaur (D:9)
  4 big kobolds
  6 bullfrogs
  Dowan (D:6)
  6 killer bees
  A wight (D:7)
  A centaur zombie (D:8)
  A quasit (D:8)
  3 jellies
  6 hounds
  5 orc wizards
  3 orc priests (D:8)
  2 centaur skeletons
  2 iguanas
  5 worker ants
  A killer bee zombie (D:8)
  A hound skeleton (D:4)
  8 mummies (Ossuary)
  2 worker ant zombies
  8 gnolls
  13 adders
  4 river rats (Sewer)
  A shadow imp (D:8)
  2 white imps (D:7)
  2 oozes
  2 adder skeletons
  2 worms
  3 dart slugs
  3 leopard geckos
  12 orcs
  5 giant cockroaches
  2 gnoll zombies (Ossuary)
  10 goblins
  7 hobgoblins
  9 jackals
  20 kobolds
  A quokka (D:2)
  6 ball pythons
  6 bats
  4 frilled lizards
  2 hobgoblin zombies (Ossuary)
  A jackal skeleton (D:6)
  2 kobold zombies (Ossuary)
  A leopard gecko skeleton (D:5)
  An orc zombie (Ossuary)
  29 rats
228 creatures vanquished.

Vanquished Creatures (others)
  An ogre (D:8)
  A wolf (D:9)
  2 killer bees
  2 wights (D:7)
  A hound (D:6)
  An orc wizard (D:8)
  An iguana (D:8)
  A leopard gecko (D:8)
  An orc (D:8)
11 creatures vanquished.

Grand Total: 268 creatures vanquished

Notes
Turn   | Place    | Note
-------+----------+-------------------------------------------
     0 | D:1      | jlumianski the Felid Summoner began the quest for the Orb.
     0 | D:1      | Reached XP level 1. HP: 7/7 MP: 4/4
   298 | D:1      | Reached XP level 2. HP: 11/11 MP: 0/6
   319 | D:1      | Learned a level 2 spell: Call Imp
  1818 | D:2      | Reached XP level 3. HP: 7/14 MP: 2/8
  1991 | D:1      | Learned a level 3 spell: Call Canine Familiar
  3369 | D:3      | Found an iron altar of Okawaru.
  3552 | D:3      | Reached XP level 4. HP: 18/18 MP: 9/9
  4401 | D:3      | Found a stormy altar of Qazlal.
  4401 | D:3      | Found a shimmering altar of Xom.
  4403 | D:3      | Found a broken altar of Ashenzari.
  4403 | D:3      | Found a glowing silver altar of Zin.
  4403 | D:3      | Found an opulent altar of Gozag.
  4616 | D:4      | Found a hide-covered altar of Uskayaw.
  4791 | D:4      | Found a glowing drain.
  4863 | Sewer    | Entered a sewer
  4998 | Sewer    | Reached skill level 5 in Summonings
  5165 | Sewer    | Noticed a big kobold
  5176 | Sewer    | Killed a big kobold
  5177 | Sewer    | Reached XP level 5. HP: 21/21 MP: 7/11
  5893 | Sewer    | Gained mutation: You are covered in thick fur. (AC +2)
                  | [Felid growth]
  5893 | Sewer    | Reached XP level 6. HP: 24/24 MP: 2/13
  6220 | D:4      | Reached skill level 1 in Unarmed Combat
  7136 | D:5      | Entered Level 5 of the Dungeon
  7612 | D:5      | Reached skill level 6 in Summonings
  8070 | D:6      | Reached XP level 7. HP: 28/28 MP: 3/15
  8078 | D:6      | Reached skill level 1 in Fighting
  8389 | D:6      | Found a blossoming altar of Fedhas.
  8593 | D:6      | Reached skill level 1 in Evocations
  8657 | D:6      | Found a staircase to the Ecumenical Temple.
  8693 | Temple   | Entered the Ecumenical Temple
  8764 | Temple   | Became a worshipper of Makhleb the Destroyer
  8993 | D:6      | Learned a level 3 spell: Summon Guardian Golem
  9165 | D:6      | Noticed Dowan
  9177 | D:6      | Noticed Duvessa
  9190 | D:6      | Killed Duvessa
  9202 | D:6      | Killed Dowan
  9327 | D:6      | Noticed Edmund
  9487 | D:6      | Killed Edmund
  9738 | D:6      | Found a stormy altar of Qazlal.
 10010 | D:6      | Reached skill level 5 in Spellcasting
 10333 | D:6      | HP: 1/29 [killer bee (10)]
 11233 | D:7      | Reached XP level 8. HP: 33/33 MP: 16/16
 11539 | D:7      | Reached * piety under Makhleb
 12135 | D:7      | Noticed a troll
 12142 | D:7      | Reached skill level 7 in Summonings
 12476 | D:7      | Found an iron altar of Okawaru.
 12476 | D:7      | Found a bloodstained altar of Trog.
 12865 | D:8      | Killed from afar by an orc priest
 12866 | D:8      | Reached XP level 7. HP: -3/30 MP: 1/15
 12866 | D:8      | Found a sand-covered staircase.
 12876 | Ossuary  | Entered an ossuary
 13657 | D:8      | Noticed a gargoyle
 14295 | D:8      | Reached ** piety under Makhleb
 14348 | D:8      | Killed from afar by a gargoyle
 14349 | D:8      | Reached XP level 6. HP: -17/28 MP: 10/15
 14377 | D:8      | Reached XP level 7. HP: 25/31 MP: 9/16
 14601 | D:8      | Killed a gargoyle
 14602 | D:8      | Reached skill level 5 in Dodging
 15043 | D:8      | Found a basalt altar of Yredelemnul.
 15044 | D:8      | Found a snail-covered altar of Cheibriados.
 15234 | D:9      | Found a shimmering altar of Xom.
 15234 | D:9      | Found a glowing silver altar of Zin.
 15304 | D:9      | Noticed a troll
 15567 | D:8      | Killed a troll
 15568 | D:8      | Reached skill level 1 in Invocations
 15760 | D:9      | Found a staircase to the Lair.
 15847 | D:9      | Reached XP level 8. HP: 16/36 MP: 5/17
 15871 | D:9      | Noticed Erolcha
 16000 | D:8      | Mangled by a killer bee

Illustrated notes

Levels and vault maps discovered:
D:1:      wander_arrival_peaceful_grave, layout_rooms, minmay_surrounded
D:2:      layout_loops_ring, serial_rivers, chequers_serial_rivers_room_b,
          chequers_serial_rivers_micro_c, chequers_serial_rivers_micro_e,
          chequers_serial_rivers_large_a
D:3:      layout_basic, doesnt_xom_only_xom
D:4:      layout_basic, nicolae_overflow_crystal_walls,
          cheibrodos_sewer_entry_drain
D:5:      layout_rooms
D:6:      minmay_general_purpose_star, layout_basic,
          grunt_temple_overflow_forces_of_nature,
          minmay_temple_entry_stoned_glass, uniq_edmund, uniq_duvessa
D:7:      layout_cave_pods, grunt_temple_overflow_bloody_war
D:8:      layout_gridville, gammafunk_temple_overflow_wave, enter_ossuary_1,
          eino_small_chamber_without_monster, minmay_misc_feat_tiny
D:9:      layout_gridville, grunt_temple_overflow_open, erik_lair_island,
          enter_bailey_8, uniq_erolcha
Temple:   jpeg_temple_alley_garden

Skill      XL: |  1  2  3  4  5  6  7  8 |
---------------+-------------------------+-----
Spellcasting   | 3 4 5 |  5.7
Stealth        | 3 4 |  4.4
Summonings     | 5 6 7 |  7.7
Unarmed Combat | 1 3 |  3.6
Dodging        | 3 5 |  5.8
Fighting       | 4 |  4.1
Evocations     | 3 |  3.4
Invocations    | 1 |  1.2
Hexes          | |  0.7

Action                   |  1- 3 |  4- 6 |  7- 9 || total
-------------------------+-------+-------+-------++-------
Melee: Unarmed           |    25 |    63 |    72 ||   160
       Bite              |     1 |     6 |     7 ||    14
       Punch             |       |       |     3 ||     3
 Cast: Summon Small Mamm |    64 |    61 |    63 ||   188
       Call Imp          |    37 |    60 |   129 ||   226
       Call Canine Famil |    12 |    30 |    62 ||   104
       Summon Guardian G |       |     1 |    40 ||    41
Evoke: Wand              |       |       |     4 ||     4
  Use: Potion            |     4 |     4 |     6 ||    14
       Scroll            |     3 |    10 |     3 ||    16
 Stab: Distracted        |     1 |     2 |     1 ||     4
       Sleeping          |     5 |     6 |     5 ||    16
Armor: Skin              |     6 |     7 |    13 ||    26
Dodge: Dodged            |    68 |    61 |   265 ||   394
